 Dungeon Crawl Stone Soup version 0.25-a0-1137-g7f6bfe4 (webtiles) character file.

Game seed: 14361188485302089185, levelgen mode: deterministic

80 BlueFish the Grasshopper (level 4, -5/30 HPs)
             Began as an Octopode Warper on May 23, 2020.
             Killed from afar by Sigmund (9 damage)
             ... with a puff of flame
             ... on level 2 of the Dungeon.
             The game lasted 00:04:22 (1109 turns).

BlueFish the Grasshopper (Octopode Warper)          Turns: 1109, Time: 00:04:23

Health: -5/30      AC:  1    Str: 11    XL:     4   Next: 39%
Magic:  6/7        EV: 14    Int: 15    God:
Gold:   52         SH:  0    Dex: 11    Spells: 3/7 levels left

rFire    . . .     SeeInvis .     - Unarmed
rCold    . . .     Gourm    .   (no shield)
rNeg     . . .     Faith    .   (helmet restricted)
rPois    .         Spirit   .   (no amulet)
rElec    .         Reflect  .   (no ring)
rCorr    .         Harm     .   (no ring)
MR       .....                  (no ring)
Stlth    ++........             (no ring)
HPRegen  0.10/turn              (no ring)
MPRegen  0.10/turn              (no ring)
                                (no ring)
                                (no ring)

@: very slightly contaminated
A: almost no armour, stealthy swim, amphibious, 8 rings, constrict 8, camouflage
1, gelatinous body 1
a: no special abilities


You were on level 2 of the Dungeon.
You were not hungry.

You visited 1 branch of the dungeon, and saw 3 of its levels.

You collected 52 gold pieces.

Inventory:

Hand Weapons
 f - a +1 dagger of protection
Missiles
 c - 5 boomerangs of dispersal (quivered)
Scrolls
 e - a scroll of identify {unknown}
Comestibles
 a - 6 chunks of flesh
 d - 2 rations


   Skills:
 * Level 2.4 Fighting
 * Level 1.6 Throwing
 * Level 3.0 Dodging
 * Level 1.0 Stealth
 * Level 3.0 Unarmed Combat
 + Level 2.1 Spellcasting
 + Level 3.1 Translocations


You had 3 spell levels left.
You knew the following spells:

 Your Spells              Type           Power        Failure   Level  Hunger
a - Shroud of Golubria    Chrm/Tloc      #.....       17%         2    ###....
b - Blink                 Tloc           N/A          10%         2    ###....

Your spell library contained the following spells:

 Spells                   Type           Power        Failure   Level  Hunger
 Gell's Gravitas          Tloc           ##........   19%         3    ###....
 Lesser Beckoning         Tloc           ##........   19%         3    ###....
 Teleport Other           Tloc           ##......     19%         3    ###....
 Passage of Golubria      Tloc           N/A          52%         4    #####..


Dungeon Overview and Level Annotations

Branches:
Dungeon (3/15)

Altars:
Dithmenos

Annotations:
D:2 Sigmund


Innate Abilities, Weirdness & Mutations

You cannot wear most types of armour.
You are very stealthy in the water. (Stealth+)
You are amphibious.
You can wear up to eight rings at the same time.
You can use your tentacles to constrict eight enemies at once.
Your skin changes colour to match your surroundings (Stealth+).
Your rubbery body absorbs attacks. (AC +1, EV +1)


Message History

You are very lightly contaminated with residual magic.
As you read the scroll of blinking, it crumbles to dust.
Sigmund mumbles some strange words.
Sigmund flickers and vanishes!
Deactivating autopickup; reactivate with Ctrl-A.
There is a stone staircase leading down here.
Your shroud begins to fray at the edges.
You climb downwards.
Reactivating autopickup. 3 orcs come into view.
Found a shadowy altar of Dithmenos.
There is a stone staircase leading up here.
You climb upwards.
Level annotation: Sigmund
There is a stone staircase leading down here.
Your shroud unravels.
A puff of flame appears from out of thin air!
Deactivating autopickup; reactivate with Ctrl-A.
The puff of flame hits you!
You die...

### #.........# #.# ...
#......##.# #.#
$..##..#.#.##.####.#
......#.#.........#
...#.#.#.#.##.####.#
#.........##.# #.#
###.....#.##.####.#
#.................#
..##.@...#.##.######
######..........# #####
.............##.# #...#
#######......##.###.#.##
#.....###........#
#.{(>..######.####
..###......# #....#
...........# #.##.#
#.##.#.....###.##.#


There were no monsters in sight!

Vanquished Creatures
  4 gnolls
  A worm (D:2)
  2 leopard geckos (D:1)
  A giant cockroach (D:1)
  9 goblins (D:1)
  2 hobgoblins
  4 kobolds
  A ball python (D:2)
  7 bats (D:1)
  5 frilled lizards (D:1)
  4 rats (D:1)
40 creatures vanquished.

Notes
Turn   | Place    | Note
-------+----------+-------------------------------------------
     0 | D:1      | BlueFish the Octopode Warper began the quest for the Orb.
     0 | D:1      | Reached XP level 1. HP: 14/14 MP: 3/3
   290 | D:1      | Reached XP level 2. HP: 12/19 MP: 5/5
   297 | D:1      | Learned a level 2 spell: Shroud of Golubria
   300 | D:1      | Learned a level 2 spell: Blink
   489 | D:1      | Reached XP level 3. HP: 24/24 MP: 3/6
   954 | D:2      | Reached XP level 4. HP: 29/29 MP: 4/7
   961 | D:2      | Reached skill level 1 in Stealth
  1090 | D:2      | Noticed Sigmund
  1102 | D:3      | Found a shadowy altar of Dithmenos.
  1109 | D:2      | Killed from afar by Sigmund

Illustrated notes

Levels and vault maps discovered:
D:1:      minmay_arrival_diagonal_passages, layout_basic
D:2:      layout_basic, first_ration, uniq_sigmund
D:3:      layout_loops_ring, chequers_ecumenical_altar_island,
          chequers_serial_rivers_micro_a,
          nicolae_dithmenos_through_a_glass_darkly, uniq_jessica

Skill      XL: |  1  2  3  4 |
---------------+-------------+-----
Dodging        | 3 |  3.0
Stealth        | 1 |  1.0
Unarmed Combat | 3 |  3.0
Fighting       | |  2.4
Throwing       | |  1.6
Spellcasting   | |  2.1
Translocations | |  3.1

Action                   |  1- 3 |  4- 6 || total
-------------------------+-------+-------++-------
Melee: Unarmed           |    70 |     7 ||    77
       Constrict         |    20 |     3 ||    23
       Tentacles         |    12 |     4 ||    16
       Punch             |     1 |       ||     1
 Cast: Shroud of Golubri |     6 |     3 ||     9
  Use: Scroll            |       |     1 ||     1
 Stab: Sleeping          |     3 |       ||     3
  Eat: Chunk             |       |     1 ||     1
Armor: Skin              |     2 |       ||     2
Dodge: Dodged            |    47 |     6 ||    53

Table legend:
 A = Non-vault XP
 B = Vault XP
 C = Vault XP percentage of total XP
 D = Non-vault monster count
 E = Vault monster count
 F = Vault count percentage of total count
                 A         B        C        D         E       F
            +---------+---------+-------+---------+---------+-------
      Total |     115 |       0 |   0.0 |      40 |       0 |   0.0
            +---------+---------+-------+---------+---------+-------
        D:1 |      65 |       0 |   0.0 |      33 |       0 |   0.0
        D:2 |      50 |       0 |   0.0 |       7 |       0 |   0.0
            +---------+---------+-------+---------+---------+-------
